 Dungeon Crawl Stone Soup version 0.24-a0-581-gc0fa660 (console) character file.

Game seed: 17848149742206574064

32 vegansnacktivist the Chopper (level 3, 0/33 HPs)
             Began as a Deep Dwarf Fighter on Aug 25, 2019.
             Slain by Sigmund
             ... wielding a +0 scythe
              (6 damage)
             ... on level 2 of the Dungeon.
             The game lasted 00:02:36 (827 turns).

vegansnacktivist the Chopper (Deep Dwarf Fighter)    Turns: 827, Time: 00:02:37

Health: 0/33       AC:  8    Str: 20    XL:     3   Next: 10%
Magic:  2/2        EV:  7    Int:  8    God:
Gold:   55         SH:  9    Dex: 12    Spells: 2/2 levels left

rFire    + . .     SeeInvis .   a - +0 war axe
rCold    + . .     Gourm    .   c - +0 shield
rNeg     . . .     Faith    .   b - +0 scale mail
rPois    .         Spirit   .   h - +0 helmet
rElec    .         Reflect  .   k - scarf {rC+ rF+}
rCorr    .         Harm     .   (no gloves)
MR       .....                  (no boots)
Stlth    ..........             (no amulet)
HPRegen  0.00/turn              (no ring)
MPRegen  0.08/turn              (no ring)

@: non-regenerating
A: damage resistance, heal wounds, sense surroundings 1, no regeneration
a: Heal Wounds


You were on level 2 of the Dungeon.
You were not hungry.

You visited 1 branch of the dungeon, and saw 2 of its levels.

You collected 55 gold pieces.

Inventory:

Hand Weapons
 a - a +0 war axe (weapon)
Armour
 b - a +0 scale mail (worn)
 c - a +0 shield (worn)
 h - a +0 helmet (worn)
 k - a scarf of resistance (worn)
Scrolls
 e - a scroll of enchant armour {unknown}
 i - 2 scrolls of identify {unknown}
Potions
 d - a potion of might
 g - a potion of flight
Comestibles
 f - 2 rations
 l - a chunk of flesh


   Skills:
 - Level 2.6 Fighting
 + Level 4.0 Axes
 - Level 3.2 Armour
 - Level 3.2 Shields


You had 2 spell levels left.
You didn't know any spells.
Your spell library was empty.

Dungeon Overview and Level Annotations

Branches:
Dungeon (2/15)

Altars:

Annotations:
D:2 Sigmund


Innate Abilities, Weirdness & Mutations

You are resistant to damage.
You can heal yourself by infusing magical energy.
You passively map a small area around you.
You do not regenerate.


Message History

You are confused.
Sigmund hits you with a +0 scythe!
You bump into the rock wall.
Sigmund hits you but does no damage.
You closely miss Sigmund.
Sigmund is moderately wounded.
Sigmund casts a spell.
Sigmund flickers and vanishes!
Deactivating autopickup; reactivate with Ctrl-A.
You hear some strange, mumbled words.
A magic dart appears from out of thin air!
The magic dart hits you!
You bump into the rock wall.
Something hits you!
You feel less confused.
You closely miss something. Something hits you!
* * * LOW HITPOINT WARNING * * *
You miss something. Something hits you but does no damage.
Unknown command.
You fail to use your ability.
Something hits you but does no damage.
You barely miss something. Something hits you!
You die...

#.#. .# #.#.######.# *
###### #.#......#.#
#....# #.##.....#.# *
#....# #.#......... *
#.(..#####.#..#.....# ,
+....+..............# ,
,
###...{#####.###..w...#
*
#?....@....#.#..<.....#
,
#.########.#.#.#.......
, , #.#.#.#####..# *
####.#.#.#........# *
...........>†.....## ,
##..#.#.#.######..# *
.. ...#.#+# #.># * ###
#..,,* #..# , ..., #..#


There were no monsters in sight!

Vanquished Creatures
  3 worms (D:2)
  4 goblins (D:1)
  3 hobgoblins (D:1)
  4 kobolds (D:1)
  2 quokkas (D:2)
  3 bats (D:1)
  2 frilled lizards (D:1)
  2 rats (D:1)
23 creatures vanquished.

Notes
Turn   | Place    | Note
-------+----------+-------------------------------------------
     0 | D:1      | vegansnacktivist the Deep Dwarf Fighter began the quest for
                  | the Orb.
     0 | D:1      | Reached XP level 1. HP: 20/20 MP: 1/1
   148 | D:1      | Reached skill level 3 in Axes
   148 | D:1      | Reached XP level 2. HP: 18/27 MP: 2/2
   744 | D:2      | Reached XP level 3. HP: 12/33 MP: 3/3
   745 | D:2      | Reached skill level 4 in Axes
   768 | D:2      | Noticed Sigmund
   827 | D:2      | Slain by Sigmund

Levels and vault maps discovered:
D:1:      giann_forest_graveyard, layout_loops_cross
D:2:      layout_basic, grunt_qazlal_clouds, minmay_pentomino_w4, uniq_sigmund

Skill      XL: |  1  2  3 |
---------------+----------+-----
Axes           | 3 4 |  4.0
Fighting       | |  2.6
Armour         | |  3.2
Shields        | |  3.2

Action                   || total
-------------------------++-------
Melee: War axe           ||    69
Throw: Javelin           ||     6
 Abil: Heal Wounds       ||     1
  Use: Potion            ||     4
Armor: Scale mail        ||    42
       Skin              ||    20
Dodge: Dodged            ||    26
Block: Shield            ||    31

Table legend:
 A = Non-vault XP
 B = Vault XP
 C = Vault XP percentage of total XP
 D = Non-vault monster count
 E = Vault monster count
 F = Vault count percentage of total count
                 A         B        C        D         E       F
            +---------+---------+-------+---------+---------+-------
      Total |      47 |       0 |   0.0 |      23 |       0 |   0.0
            +---------+---------+-------+---------+---------+-------
        D:1 |      28 |       0 |   0.0 |      18 |       0 |   0.0
        D:2 |      19 |       0 |   0.0 |       5 |       0 |   0.0
            +---------+---------+-------+---------+---------+-------
